 Dungeon Crawl Stone Soup version 0.30-a0-696-g2367cd04db (webtiles) character file.

Game seed: 10264946678299812814

150 p00ps00p the Trooper (level 5, -3/47 HPs)
             Began as a Hill Orc Fighter on Jan 7, 2023.
             Slain by a gnoll
             ... wielding a +0 whip
              (6 damage)
             ... on level 3 of the Dungeon on Jan 21, 2023.
             The game lasted 00:04:09 (2376 turns).

p00ps00p the Trooper (Hill Orc Fighter)             Turns: 2376, Time: 00:04:09

Health: -3/47      AC:  9    Str: 17    XL:     5   Next: 32%
Magic:  5/5        EV:  6    Int: 13    God:
Gold:   135        SH:  5    Dex: 18    Spells: 4/4 levels left

rFire   . . .      SeeInvis .    a - +0 war axe
rCold   + . .      Faith    .    c - +0 buckler
rNeg    . . .      Spirit   .    i - +0 chain mail
rPois   +          Reflect  .    (no helmet)
rElec   .          Harm     .    (no cloak)
rCorr   .          Rampage  .    (no gloves)
Will    .....                    (no boots) Stlth
                                 (no amulet)
HPRegen 0.27/turn                k - ring of protection from fire
MPRegen 0.09/turn                m - ring "Asihyaf" {Ice rPois Str-4 Int+5 Dex+8}

@: no status effects
A: no striking features
a: no special abilities


You were on level 3 of the Dungeon.
You visited 1 branch of the dungeon, and saw 3 of its levels.

You collected 135 gold pieces.

Inventory:

Hand Weapons
 a - a +0 war axe (weapon)
Armour
 b - a +0 scale mail
 c - a +0 buckler (worn)
 i - a +0 chain mail (worn)
Jewellery
 k - a ring of protection from fire (left hand)
 m - the ring "Asihyaf" (right hand) {Ice rPois Str-4 Int+5 Dex+8}
   (You found it on level 2 of the Dungeon)

   [ring of ice]

   It enhances your ice magic.
   Str:       It affects your strength (-4).
   Int:       It affects your intelligence (+5).
   Dex:       It affects your dexterity (+8).
   rF:        It makes you vulnerable to fire.
   rC:        It protects you from cold.
   rPois:     It protects you from poison.
 n - a ring of fire
Scrolls
 e - 5 scrolls of identify {unknown}
 h - a scroll of vulnerability {unknown}
 j - a scroll of magic mapping {unknown}
Potions
 d - a potion of might
 f - 2 potions of curing {unknown}
 g - a potion of invisibility {unknown}
 l - a potion of heal wounds {unknown}
 o - a potion of mutation {unknown}


   Skills:
 + Level 4.7 Fighting
 + Level 4.2 Axes
 + Level 4.2 Armour
 + Level 4.2 Shields


You had 4 spell levels left.
You didn't know any spells.
Your spell library contained the following spells:

 Spells                   Type           Power      Damage    Failure   Level
 Ensorcelled Hibernation  Hex/Ice        0%         N/A       100%        2
 Frozen Ramparts          Ice            0%         1d1       100%        3
 Animate Dead             Necr           0%         N/A       100%        4
 Haunt                    Necr/Summ      0%         N/A       100%        7
 Infestation              Necr           0%         N/A       100%        8
 Polar Vortex             Ice            0%         N/A       100%        9


Dungeon Overview and Level Annotations

Branches:
Dungeon (3/15)

Altars:


Message History

The gnoll shouts! x2
A ball python comes into view.
The ball python hisses angrily.
Found a robe.
A goblin comes into view. It is wielding a +0 club.
The goblin shouts!
You block the gnoll's attack. The gnoll hits you with a +0 halberd.
You block the gnoll's attack. The gnoll hits you with a +0 club.
You hit the gnoll.
The gnoll is lightly wounded.
You closely miss the gnoll. x2; You hit the gnoll but do no damage.
The gnoll hits you but does no damage. You block the gnoll's attack.
The gnoll hits you but does no damage. The gnoll hits you with a +0 club.
The ball python completely misses you. The ball python grabs you.
The ball python constricts you. The gnoll hits you with a +0 halberd.
The gnoll hits you with a +0 whip. x2; The gnoll hits you but does no damage.
You closely miss the gnoll.
The gnoll is lightly wounded.
You slash the ball python!
You kill the ball python!
You hit the gnoll but do no damage. You hit the gnoll. You slash the gnoll!
The gnoll hits you with a +0 halberd!
* * * LOW HITPOINT WARNING * * *
The gnoll hits you but does no damage. The gnoll hits you with a +0 club.
* * * LOW HITPOINT WARNING * * *
You block the gnoll's attack.
You hit the gnoll.
The gnoll is severely wounded.
You hit the gnoll but do no damage. You hit the gnoll.
You barely miss the gnoll. The gnoll closely misses you.
The gnoll barely misses you. The gnoll hits you with a +0 whip.
* * * LOW HITPOINT WARNING * * *
The gnoll hits you but does no damage.
You barely miss the gnoll.
The gnoll is severely wounded.
You barely miss the gnoll. You closely miss the gnoll.
You hit the gnoll but do no damage. The gnoll hits you with a +0 halberd.
* * * LOW HITPOINT WARNING * * *
The gnoll hits you with a +0 whip.
You die...

#.#.##...#.#
#.#......#.#
.########.#####....#####
................#..†....
............###.##.#####
.[...............#.#
.............###...#
......ggg.$.##.##..#
......g@....#...#..#.#
...=..†g.....###)....#
............#...#...##
............##.##..>....
.............#.#...#####
..............#....#
#########.#..###...#
#.#... ....# #.#. #...#


You could see 4 gnolls and a goblin.

Vanquished Creatures
  Jessica (D:2)
  4 adders (D:2)
  3 gnolls (D:2)
  A worm (D:2)
  2 dart slugs (D:2)
  An orc (D:3)
  4 bats
  3 endoplasms
  3 giant cockroaches
  A hobgoblin (D:2)
  4 jackals (D:1)
  A quokka (D:2)
  9 ball pythons
  4 frilled lizards
  5 goblins
  3 kobolds
  6 rats
55 creatures vanquished.

Notes
Turn   | Place    | Note
-------+----------+-------------------------------------------
     0 | D:1      | p00ps00p the Hill Orc Fighter began the quest for the Orb.
     0 | D:1      | Reached XP level 1. HP: 19/19 MP: 1/1
     0 | D:1      | Upgraded the game from 0.30-a0-605-gb2882149bf to
                  | 0.30-a0-696-g2367cd04db
   161 | D:1      | Got the Anthology of Frostbite
   257 | D:1      | Reached XP level 2. HP: 27/27 MP: 2/2
   605 | D:1      | Found a faded altar of an unknown god.
   846 | D:2      | Reached XP level 3. HP: 17/33 MP: 3/3
  1252 | D:2      | Noticed Jessica
  1260 | D:2      | Killed Jessica
  1261 | D:2      | Reached XP level 4. HP: 25/40 MP: 4/4
  1554 | D:2      | Reached XP level 5. HP: 32/47 MP: 5/5
  1633 | D:2      | Identified the ring "Asihyaf" {Ice rPois Str-4 Int+5 Dex+8}
  2376 | D:3      | Slain by a gnoll

Illustrated notes

Levels and vault maps discovered:
D:1:      dpeg_arrival_rooms_with_view, layout_basic,
          shapermc_ecumenical_altar_mp_urbaneastern
D:2:      layout_basic, corexii_shack, kennysheep_pointless_box, minivault_23,
          nicolae_concentric_dashed_squares_wild, nrook_mini_backslash,
          minmay_distorted, uniq_jessica
D:3:      layout_basic, mainiacjoe_overflow_cross_hatched, st_stairs_9,
          minmay_ruptured

Skill      XL: |  1  2  3  4 |
---------------+-------------+-----
Axes           | 3 4 |  4.2
Fighting       | 4 |  4.7
Armour         | 4 |  4.2
Shields        | 4 |  4.2

Action                   |  1- 3 |  4- 6 || total
-------------------------+-------+-------++-------
Melee: War axe           |    62 |    70 ||   132
Armor: Scale mail        |    24 |       ||    24
       Chain mail        |    29 |    46 ||    75
Dodge: Dodged            |    25 |    40 ||    65
Block: Buckler           |    17 |    21 ||    38

Table legend: (Time is in decaauts)
 A = Elapsed time spent in this place.
 B = Non-inter-level travel time spent in this place.
 C = Inter-level travel time spent in this place.
 D = Time resting spent in this place.
 E = Time spent auto-exploring this place.
 F = Levels seen in this place.
 G = Mean time per level.
                   A        B        C        D        E       F      G
               +--------+--------+--------+--------+--------+-----+--------+
         Total |   2421 |   2342 |     79 |    183 |   1676 |   3 |  807.0 |
       Dungeon |   2421 |   2342 |     79 |    183 |   1676 |   3 |  807.0 |
               +--------+--------+--------+--------+--------+-----+--------+

Top non-repeatable levels by time:
     D:2: 1358 daAuts
     D:1: 845 daAuts
     D:3: 217 daAuts
